 Dungeon Crawl Stone Soup version 0.21-a0-552-g593960d (webtiles) character file.

2444 Lavandula the Carver (level 9, -1/63 HPs)
             Began as a Mummy Chaos Knight on Dec 16, 2017.
             Slain by a killer bee (3 damage)
             ... on level 8 of the Dungeon on Dec 17, 2017.
             The game lasted 00:21:11 (8138 turns).

Lavandula the Carver (Mummy Chaos Knight)           Turns: 8138, Time: 00:21:12

Health: -1/63      AC:  7    Str: 15    XL:     9   Next: 25%
Magic:  9/9        EV: 11    Int: 11    God:    Xom [..*...]
Gold:   522        SH:  0    Dex: 15    Spells: 8/8 levels left

rFire    . . .     SeeInvis .   a - +3 falchion (chaos)
rCold    + . .     Gourm    .   (no shield)
rNeg     + + +     Faith    .   b - +2 leather armour
rPois    ∞         Spirit   .   j - +1 hat
rElec    .         Reflect  .   (no cloak)
rCorr    .         Harm     .   q - +0 pair of gloves
MR       +....                  (no boots)
Stlth    +.........             (no amulet)
HPRegen  0.20/turn              f - ring of protection from fire
MPRegen  0.11/turn              p - +2 ring of slaying

@: no status effects
A: no food or potions, fire vulnerability, cold resistance 1, negative energy
resistance 3, torment resistance, unbreathing
a: Renounce Religion


You were on level 8 of the Dungeon.
You worshipped Xom.
You were a toy of Xom.
You were not hungry.

You visited 1 branch of the dungeon, and saw 8 of its levels.

You collected 522 gold pieces.

Inventory:

Hand Weapons
 a - a +3 falchion of chaos (weapon)
 o - a +1 dagger of venom
Missiles
 g - 7 tomahawks
 r - 4 javelins (quivered)
Armour
 b - a +2 leather armour (worn)
 c - a +1 ring mail of positive energy
 i - a +0 ring mail of fire resistance
 j - a +1 hat (worn)
 q - a +0 pair of gloves (worn)
Jewellery
 f - a ring of protection from fire (left hand)
 p - a +2 ring of slaying (right hand)
Wands
 h - a wand of flame (46)
 k - a wand of scattershot (4)
Scrolls
 d - 10 scrolls of remove curse
 e - 2 scrolls of summoning
 l - 2 scrolls of torment
 m - 2 scrolls of enchant weapon
 n - a scroll of amnesia {unknown}


   Skills:
 - Level 3.0 Fighting
 + Level 10.7 Long Blades
 - Level 1.5 Armour
 - Level 0.7 Dodging


You had 8 spell levels left.
You didn't know any spells.

Dungeon Overview and Level Annotations

Branches:
Dungeon (8/15)             Temple (0/1) D:7
   Lair: D:8-11

Altars:
Ashenzari
Dithmenos
Kikubaaqudgha
Qazlal
Wu Jian
Xom
Zin

Shops:
D:5 =   D:6 *!

Annotations:
D:8 Erica


Innate Abilities, Weirdness & Mutations

You do not eat or drink.
Your flesh is vulnerable to fire.
You are immune to poison.
Your flesh is cold resistant. (rC+)
You are immune to negative energy. (rN+++)
You are immune to unholy pain and torment.
You can survive without breathing.


Message History

Okay, then.
Unknown command.
Unknown command.
Unknown command.
Level annotation: Erica Welcome back, Lavandula the Mummy Chaos Knight.
Xom slaps you with a bull trout!
Press ? for a list of commands and other information.
Okay, then.
Evoke which item? (* to show all) (? for menu, Esc to quit)
Okay, then.
As you read the scroll labeled DUWAFU DOLI, it crumbles to dust.
Wisps of shadow whirl around you...
It was a scroll of summoning.
The killer bee stings you!
* * * LOW HITPOINT WARNING * * *
The killer bee stings you.
* * * LOW HITPOINT WARNING * * *
The killer bee completely misses you. The killer bee stings you.
You die... "It's all fun and games until someone loses an eye."

.. #.............
#.............
#........#.#..
#........#.#..
#########y.......#.#..
#.......%..........#..
#?........#####.......
#....yy...# #....#..
#..Y.@y...# #....#..
.......hy....#
#....#..
....###a.#...#
######## ... ........#
.. .###.....# ..
..8..# . ∆∆∆.....#
..8.#


You could see 5 killer bees, a friendly sky beast, a friendly hound and a
friendly worker ant.

Vanquished Creatures
  Pikel (D:8)
  A hippogriff (D:8)
  2 slaves (D:8)
  An ice beast (D:7)
  2 ogres
  A centaur (D:6)
  3 bullfrogs
  A wyvern skeleton (D:7)
  A scorpion (D:4)
  3 killer bees (D:8)
  A howler monkey (D:8)
  2 crimson imps
  A jelly (D:7)
  A centaur skeleton (D:6)
  4 hounds
  5 orc wizards
  A bullfrog skeleton (D:8)
  Jessica (D:2)
  A gnoll shaman (D:5)
  An iguana (D:8)
  6 worker ants
  4 gnolls
  9 adders
  2 shadow imps
  An ooze (D:3)
  An adder skeleton (D:4)
  2 dart slugs (D:1)
  22 orcs
  4 giant cockroaches
  7 goblins
  5 hobgoblins
  8 jackals
  2 quokkas
  A ball python (D:3)
  6 bats
  7 frilled lizards
  A giant cockroach zombie (D:6)
  13 kobolds
  A quokka zombie (D:6)
  A rat (shapeshifter) (D:4)
  4 rats
141 creatures vanquished.

Vanquished Creatures (collateral kills)
  2 ogres
2 creatures vanquished.

Vanquished Creatures (others)
  An ice beast (D:6)
  A slave (D:8)
  A plant (D:4)
3 creatures vanquished.

Grand Total: 146 creatures vanquished

Notes
Turn   | Place    | Note
-------+----------+-------------------------------------------
     0 | D:1      | Lavandula the Mummy Chaos Knight began the quest for the Orb.
     0 | D:1      | Reached XP level 1. HP: 18/18 MP: 1/1
    77 | D:1      | XOM: silly message
   187 | D:1      | Reached skill level 3 in Long Blades
   187 | D:1      | Reached XP level 2. HP: 19/24 MP: 2/2
   297 | D:1      | XOM: harmless Tloc miscast
   879 | D:2      | Found a stormy altar of Qazlal.
   880 | D:2      | Found an ornate altar of the Wu Jian Council.
   880 | D:2      | Noticed Jessica
   880 | D:2      | XOM: enchant monster (good)
   890 | D:2      | Killed Jessica
   890 | D:2      | Reached XP level 3. HP: 29/29 MP: 3/3
   919 | D:2      | XOM: enchant monster (bad)
   991 | D:2      | Reached skill level 4 in Long Blades
  1476 | D:2      | Found a faded altar of an unknown god.
  1487 | D:2      | Reached XP level 4. HP: 29/35 MP: 4/4
  1637 | D:3      | XOM: harmless Tmut miscast
  1780 | D:3      | Found a shattered altar of Ashenzari.
  1966 | D:3      | XOM: 9-stop teleportation journey
  2163 | D:3      | XOM is BORED!
  2163 | D:3      | XOM: medium Summ miscast
  2164 | D:3      | Noticed a small abomination
  2164 | D:3      | Noticed a small abomination
  2166 | D:3      | XOM: butterfly on damage
  2538 | D:3      | XOM: harmless Conj miscast
  2539 | D:3      | XOM: mild Pois miscast
  2561 | D:4      | Reached XP level 5. HP: 34/41 MP: 5/5
  2638 | D:4      | XOM: polymorph hobgoblin -> rat
  2708 | D:4      | Found a shadowy altar of Dithmenos.
  2708 | D:4      | XOM: 8-stop teleportation journey
  2774 | D:4      | XOM: god gift: 55 gold pieces
  2953 | D:4      | Reached skill level 5 in Long Blades
  3020 | D:4      | XOM: 9-stop teleportation journey
  3049 | D:4      | XOM: 1-stop teleportation journey
  3153 | D:4      | XOM: cast spell 'Death Channel'
  3641 | D:4      | Reached XP level 6. HP: 39/47 MP: 6/6
  3670 | D:4      | You fall through a shaft for 2 floors!
  3678 | D:6      | Found Marph's Distillery.
  3731 | D:6      | You fall through a shaft!
  3739 | D:7      | Noticed an ice beast
  3747 | D:7      | Killed an ice beast
  3747 | D:7      | Reached skill level 6 in Long Blades
  3823 | D:7      | Found a staircase to the Ecumenical Temple.
  4184 | D:7      | XOM: scenery: 3 doors open
  4198 | D:6      | Reached XP level 7. HP: 41/52 MP: 7/7
  4309 | D:6      | XOM: fog
  4317 | D:6      | XOM: summons friendly crimson imp
  4324 | D:6      | XOM: destruction
  4353 | D:6      | XOM: mild Conj miscast
  4460 | D:6      | Found an ancient bone altar of Kikubaaqudgha.
  4462 | D:6      | Reached skill level 7 in Long Blades
  4480 | D:6      | XOM: smoke on damage
  4570 | D:5      | Entered Level 5 of the Dungeon
  4733 | D:5      | XOM: scenery: create altars
  4982 | D:5      | XOM: scenery: create altars
  5092 | D:5      | XOM: cast spell 'Ring of Flames'
  5443 | D:5      | XOM: fog
  5448 | D:5      | XOM: god gift: 61 gold pieces
  5523 | D:5      | Found Fuerin's Jewellery Shop.
  5558 | D:5      | XOM: enchant monster (bad)
  5643 | D:5      | XOM: scenery: create altars
  5669 | D:5      | Reached skill level 8 in Long Blades
  6070 | D:6      | XOM: summons 2 friendly demons
  6075 | D:6      | Reached XP level 8. HP: 43/58 MP: 8/8
  6151 | D:6      | Found Zin's Purification Station.
  6153 | D:6      | Found a glowing silver altar of Zin.
  6213 | D:5      | XOM: fog
  6224 | D:5      | XOM: scenery: create altars
  6288 | D:5      | XOM: polymorph orc warrior -> wolf
  6293 | D:5      | XOM: enchant monster (good)
  6572 | D:6      | XOM: scenery: create altars
  7089 | D:7      | Reached skill level 9 in Long Blades
  7301 | D:7      | XOM: harmless Air miscast
  7409 | D:7      | XOM is BORED!
  7409 | D:7      | XOM: silly message
  7455 | D:8      | XOM: harmless Conj miscast
  7496 | D:8      | XOM: mild Ice miscast
  7682 | D:8      | XOM: cloud trail
  7942 | D:8      | XOM: harmless Erth miscast
  7953 | D:8      | Noticed Erica
  7957 | D:8      | Noticed Pikel
  7965 | D:8      | XOM: enchant monster (good)
  7972 | D:8      | XOM: potion effect (might)
  7979 | D:8      | Reached skill level 10 in Long Blades
  7980 | D:8      | XOM: confuse monster(s)
  7981 | D:8      | XOM: noise
  7985 | D:8      | Killed Pikel
  7985 | D:8      | Reached XP level 9. HP: 63/63 MP: 9/9
  8062 | D:8      | XOM: harmless Tloc miscast
  8130 | D:8      | XOM: divination: detect items
  8137 | D:8      | XOM: silly message
  8138 | D:8      | Upgraded the game from 0.21-a0-538-gd16b88a to 0.21-a0-552-g593960d
  8138 | D:8      | HP: 2/63 [killer bee (3)]
  8138 | D:8      | Slain by a killer bee

Vault maps used:
D:1:      matt_arrival_spirals
D:2:      grunt_temple_overflow_open, first_bread,
          chequers_ecumenical_altar_simple, uniq_jessica
D:3:      old_standard_altar
D:4:      corexii_shantytown, nicolae_dithmenos_shadow_blocks,
          kennysheep_generic_room_5
D:5:      serial_shops, nicolae_shop_behind_doors
D:6:      kiku_gazebo_pond_becter, zin_purify, serial_shops, shop
D:7:      nicolae_overflow_hidden_temple, temple_fountains
D:8:      eat_drink_and_be_merry_uskayaw, uniq_pikel, uniq_gastronok, uniq_erica

Skill      XL: |  1  2  3  4  5  6  7  8 |
---------------+-------------------------+-----
Long Blades    | 3 4 5 6 8 10 | 10.7
Fighting       | |  3.0
Armour         | |  1.5
Dodging        | |  0.7

Action                   |  1- 3 |  4- 6 |  7- 9 || total
-------------------------+-------+-------+-------++-------
Melee: Falchion          |    77 |   167 |   192 ||   436
Throw: Tomahawk          |       |       |    26 ||    26
       Javelin           |       |       |     2 ||     2
Evoke: Wand              |       |     1 |     1 ||     2
  Use: Scroll            |     4 |     6 |     3 ||    13
 Stab: Petrified         |     6 |       |       ||     6
       Sleeping          |       |     3 |     1 ||     4
       Petrifying        |       |       |     1 ||     1
       Paralysed         |       |       |     1 ||     1
Armor: Leather armour    |    38 |    47 |    36 ||   121
Dodge: Dodged            |    35 |   100 |    96 ||   231
       Rpst.: Falchion   |    10 |    27 |    28 ||    65

Table legend:
 A = Spawn XP
 B = Non-spawn XP
 C = Spawn XP percentage of total XP
 D = Spawn monster count
 E = Non-spawn monster count
 F = Spawn count percentage of total count
 G = Total turns spent on level
                    A         B        C        D         E        F      G
               +---------+---------+-------+---------+---------+-------+---------
         Total |       0 |    3492 |   0.0 |       0 |     142 |   0.0 |  8138
               +---------+---------+-------+---------+---------+-------+---------
           D:1 |       0 |      22 |   0.0 |       0 |      11 |   0.0 |   761
           D:2 |       0 |      83 |   0.0 |       0 |      16 |   0.0 |   821
           D:3 |       0 |      32 |   0.0 |       0 |      11 |   0.0 |   967
           D:4 |       0 |     260 |   0.0 |       0 |      35 |   0.0 |  1197
           D:5 |       0 |     505 |   0.0 |       0 |      30 |   0.0 |  1511
           D:6 |       0 |     678 |   0.0 |       0 |      17 |   0.0 |  1266
           D:7 |       0 |     560 |   0.0 |       0 |      11 |   0.0 |   952
           D:8 |       0 |    1352 |   0.0 |       0 |      11 |   0.0 |   663
               +---------+---------+-------+---------+---------+-------+---------
